 Dungeon Crawl Stone Soup version 0.18-a0-1044-g2bb894f (webtiles) character file.

21419 Minkie the Nimble (level 13, -16/82 HPs)
             Began as a Kobold Berserker on Jan 11, 2016.
             Was a High Priest of Trog.
             Killed from afar by a frost giant (46 damage)
             ... with a bolt of cold
             ... in an ice cave.
             The game lasted 01:29:27 (16611 turns).

Minkie the Nimble (Kobold Berserker)               Turns: 16611, Time: 01:29:27

Health: -16/82     AC: 14    Str: 17    XL:     13   Next: 19%
Magic:  6/6        EV: 25    Int:  5    God:    Trog [*****.]
Gold:   610        SH:  7    Dex: 21    Spells: 0 memorised, 12 levels left

rFire  + . .     SeeInvis +     L - +5 quick blade (antimagic)
rCold  . . .     Gourm    .     g - +1 ring mail {rF+}
rNeg   . . .     Faith    .     n - +0 buckler
rPois  +         Spirit   .     f - +1 hat
rElec  .         Dismiss  .     s - +0 cloak
rCorr  .         Reflect  .     P - +1 pair of gloves
SustAt .         Harm     .     C - +0 pair of boots
MR     ++...                    M - amulet of regeneration
Stlth  +.........               J - ring of see invisible
                                e - ring of poison resistance

@: regenerating, very resistant to hostile enchantments, very unstealthy
A: carnivore 3, strong 1
a: Berserk, Trog's Hand, Brothers in Arms, Burn Spellbooks, Renounce Religion


You were in an ice cave.
You worshipped Trog.
Trog was extremely pleased with you.
You were very full.

You visited 3 branches of the dungeon, and saw 15 of its levels.
You also visited: Ice Cave.

You collected 610 gold pieces.

Inventory:

Hand Weapons
 a - a +2 dagger of venom
 q - a +2 triple crossbow of velocity
 w - a +0 blowgun
 L - a +5 antimagic quick blade (weapon)
Missiles
 d - 59 poisoned needles (quivered)
 K - 2 curare-tipped needles
 O - 2 needles of sleeping
Armour
 f - a +1 hat (worn)
 g - a +1 ring mail of fire resistance (worn)
 n - a +0 buckler (worn)
 s - a +0 cloak (worn)
 C - a +0 pair of boots (worn)
 P - a +1 pair of gloves (worn)
Jewellery
 e - a ring of poison resistance (left hand)
 r - an uncursed ring of stealth
 J - a ring of see invisible (right hand)
 M - an amulet of regeneration (around neck)
Wands
 o - a wand of flame (34/48)
 t - a wand of frost (28/48)
 y - a wand of confusion (6/48)
 A - a wand of paralysis (21/24)
Scrolls
 i - a scroll of magic mapping
 j - 5 scrolls of remove curse
 k - a scroll of teleportation
Potions
 b - 2 potions of haste
 m - a potion of brilliance {unknown}
 p - a potion of berserk rage {unknown}
 u - 7 potions of heal wounds
 v - a potion of ambrosia
 x - a potion of cure mutation {unknown}
 z - a potion of curing
 I - 6 potions of poison {unknown}
Books
 l - a book of Flames

   Spells                             Type                      Level
   a - Flame Tongue                   Conjuration/Fire             1
   b - Throw Flame                    Conjuration/Fire             2
   c - Conjure Flame                  Conjuration/Fire             3
   d - Inner Flame                    Hexes/Fire                   3
   e - Sticky Flame                   Conjuration/Fire             4
   f - Fireball                       Conjuration/Fire             5
   Trog disapproves of the use of such an item.
Comestibles
 c - 10 meat rations
 h - 11 chunks of flesh


   Skills:
 - Level 10.0 Fighting
 - Level 10.0 Short Blades
 + Level 9.4 Armour
 + Level 12.8 Dodging
 + Level 3.5 Shields
 - Level 10.0 Evocations


You had 12 spell levels left.
You didn't know any spells.

Dungeon Overview and Level Annotations

Branches:
Dungeon (11/15)            Temple (0/1) D:5            Lair (2/8) D:10
    Orc (2/2) D:9
    Elf: Orc:2

Altars:
Fedhas
Kikubaaqudgha
Okawaru
Sif Muna
The Shining One
Beogh

Shops:
D:6 [

Annotations:
Lair:2 exclusion: oklob plant


Innate Abilities, Weirdness & Mutations

You are small and have problems with some larger weapons.
You are carnivorous and can eat meat at any time.
Your muscles are strong. (Str +2)


Message History

Trog accepts your kill.
You barely miss the polar bear. You closely miss the polar bear.
The frost giant gestures at you while chanting.
The bolt of cold hits the polar bear.
The polar bear resists.
The bolt of cold hits you!
You hit the polar bear.
The polar bear is heavily wounded.
The polar bear misses you. You block the polar bear's attack. x2
You hit the polar bear but do no damage.
The polar bear is heavily wounded.
Your skin crawls.
You feel resistant to hostile enchantments.
You feel slightly less full. The frost giant casts a spell at you.
The bolt of cold hits the polar bear.
The polar bear resists.
The polar bear dies!
The bolt of cold hits you!
Ouch! That really hurt!
You die... ≈≈≈≈≈≈≈≈ #≈≈#≈≈ # #####≈≈≈ #. ###...##≈≈ ..h ##§.##..≈#≈ ...Y #..#####.≈≈ #.hhh

########..#..####
#Yhh##...##...#..#.###
#C†@##...########.#.
########## ##.# ###


You could see a frost giant, 6 polar bears and 2 yaks.

Vanquished Creatures
  Gastronok (D:8)
  A death yak (IceCv)
  A centaur warrior (D:10)
  An unseen horror (D:10)
  A hill giant (D:10)
  Joseph (D:7)
  A gargoyle (D:10)
  A spiny frog (Lair:1)
  3 komodo dragons
  13 polar bears
  A troll (Orc:2)
  The ghost of Sodium1970 the Covered, an amateur HuFi (D:3)
  Sigmund (D:2)
  2 wyverns
  12 yaks
  A basilisk (Lair:1)
  Grum (D:8)
  A hungry ghost (D:7)
  Edmund (D:4)
  Menkaure (D:7)
  25 wolves
  A water moccasin (Lair:1)
  5 porcupines
  2 black bears
  A phantom (D:9)
  A sky beast (D:5)
  2 ogres
  3 ice beasts
  9 orc warriors
  7 centaurs
  A big kobold (D:9)
  6 crocodiles
  Blork the orc (D:6)
  2 gnoll sergeants (D:9)
  5 giant frogs
  A wyvern skeleton (D:7)
  2 scorpions
  16 killer bees
  8 wights
  5 crimson imps
  6 hounds
  4 orc priests
  2 jellies
  A giant frog skeleton (D:4)
  Crazy Yiuf (D:2)
  7 iguanas
  9 orc wizards
  10 worker ants
  Terence (D:2)
  A killer bee zombie (D:5)
  A centaur simulacrum (D:9)
  2 hound zombies
  A worker ant zombie (D:8)
  12 adders
  14 gnolls
  6 river rats (Lair:2)
  A hound simulacrum (D:9)
  2 shadow imps
  4 white imps (D:9)
  An ufetubus (D:9)
  2 adder skeletons
  An adder zombie (D:5)
  A worm (D:3)
  11 giant geckos
  18 orcs
  4 ball pythons
  10 bats
  8 giant cockroaches
  9 hobgoblins
  12 jackals
  8 quokkas
  9 giant newts
  8 goblins
  A jackal simulacrum (D:9)
  13 kobolds
  A quokka simulacrum (D:9)
  10 rats
  A fungus (D:2)
362 creatures vanquished.

Vanquished Creatures (collateral kills)
  A hydra (Lair:1)
  An ice statue (IceCv)
2 creatures vanquished.

Vanquished Creatures (others)
  2 polar bears (IceCv)
  2 yaks (IceCv)
  2 wolves (IceCv)
6 creatures vanquished.

Grand Total: 370 creatures vanquished

Notes
Turn   | Place    | Note
--------------------------------------------------------------
     0 | D:1      | Minkie the Kobold Berserker began the quest for the Orb.
     0 | D:1      | Reached XP level 1. HP: 14/14 MP: 1/1
    97 | D:1      | Reached XP level 2. HP: 17/19 MP: 2/2
   369 | D:1      | Reached ** piety under Trog
   408 | D:1      | Reached XP level 3. HP: 24/24 MP: 3/3
   715 | D:1      | Reached skill level 5 in Short Blades
   844 | D:2      | Noticed Sigmund
   861 | D:2      | Killed Sigmund
   861 | D:2      | Reached skill level 5 in Fighting
   861 | D:2      | Reached skill level 6 in Short Blades
   861 | D:2      | Reached XP level 4. HP: 31/31 MP: 4/4
   861 | D:2      | Reached XP level 5. HP: 35/35 MP: 5/5
   861 | D:2      | Reached XP level 6. HP: 40/40 MP: 6/6
  1194 | D:2      | Noticed Terence
  1209 | D:2      | Killed Terence
  1743 | D:2      | Noticed Crazy Yiuf
  1754 | D:2      | Killed Crazy Yiuf
  1754 | D:2      | Reached skill level 7 in Short Blades
  1933 | D:3      | Reached *** piety under Trog
  2047 | D:3      | Found a faded altar to an unknown god.
  2167 | D:3      | Noticed Sodium1970's ghost (amateur HuFi)
  2179 | D:3      | Killed Sodium1970's ghost
  2179 | D:3      | Reached skill level 8 in Short Blades
  2179 | D:3      | Reached XP level 7. HP: 47/47 MP: 7/7
  2459 | D:4      | Got a sparkling glass ring
  2460 | D:4      | Identified the ring "Ronin" {Wiz Int+4} (You found it on level 4 of the Dungeon)
  3002 | D:4      | Gained mutation: Your muscles are strong. (Str +2) [potion of beneficial mutation]
  3673 | D:4      | Noticed Edmund
  3696 | D:4      | Killed Edmund
  3696 | D:4      | Reached XP level 8. HP: 53/53 MP: 8/8
  3967 | D:4      | Reached skill level 9 in Short Blades
  4036 | D:5      | Entered Level 5 of the Dungeon
  4367 | D:5      | Found Gakkaiq's Armour Boutique.
  4494 | D:5      | Reached **** piety under Trog
  4878 | D:5      | Reached skill level 10 in Short Blades
  5604 | D:5      | Found a staircase to the Ecumenical Temple.
  5641 | D:5      | Reached XP level 9. HP: 43/60 MP: 9/9
  6347 | D:6      | Found a blossoming altar of Fedhas.
  6452 | D:6      | Noticed Blork the orc
  6468 | D:6      | Killed Blork the orc
  6492 | D:6      | Found Yxueris's Armour Shoppe.
  7026 | D:7      | Reached skill level 5 in Dodging
  7191 | D:7      | Found a deep blue altar of Sif Muna.
  7325 | D:7      | Noticed Menkaure
  7340 | D:7      | Killed Menkaure
  7918 | D:7      | Reached XP level 10. HP: 59/67 MP: 10/10
  8212 | D:7      | Reached skill level 10 in Fighting
  8217 | D:7      | Noticed Joseph
  8242 | D:7      | Killed Joseph
  8242 | D:7      | Reached skill level 5 in Armour
  8242 | D:7      | Reached skill level 1 in Evocations
  8540 | D:7      | Found a glowing golden altar of the Shining One.
  8704 | D:8      | Noticed Gastronok
  8731 | D:8      | Killed Gastronok
  8731 | D:8      | Reached skill level 5 in Evocations
  9083 | D:8      | Reached XP level 11. HP: 62/72 MP: 14/14
  9097 | D:8      | Noticed Grum
  9127 | D:8      | Killed Grum
  9236 | D:8      | Found an iron altar of Okawaru.
 10482 | D:9      | Reached ***** piety under Trog
 11022 | D:9      | Received a gift from Trog
 11084 | D:9      | Reached skill level 10 in Dodging
 11493 | D:9      | Found a staircase to the Orcish Mines.
 11663 | D:10     | Entered Level 10 of the Dungeon
 11829 | D:10     | Noticed a centaur warrior
 11857 | D:10     | Killed a centaur warrior
 12051 | D:10     | Noticed a hill giant
 12070 | D:10     | Killed a hill giant
 12369 | D:10     | Noticed an unseen horror
 12440 | D:10     | Killed an unseen horror
 12513 | D:10     | Reached XP level 12. HP: 70/77 MP: 18/18
 12581 | D:10     | Found a staircase to the Lair.
 12591 | Lair:1   | Entered Level 1 of the Lair of Beasts
 12948 | Lair:1   | Reached skill level 11 in Dodging
 13369 | Lair:1   | Noticed a six-headed hydra
 13385 | Lair:1   | Killed a six-headed hydra
 14442 | Lair:2   | Reached skill level 10 in Evocations
 14501 | Lair:2   | Received a gift from Trog
 14734 | Lair:2   | Found an ancient bone altar of Kikubaaqudgha.
 15396 | Orc:1    | Entered Level 1 of the Orcish Mines
 15430 | Orc:2    | Entered Level 2 of the Orcish Mines
 15479 | Orc:2    | Found a roughly hewn altar of Beogh.
 15546 | Orc:2    | Found a frozen archway.
 15556 | IceCv    | Entered an ice cave
 15605 | IceCv    | Reached skill level 1 in Shields
 15624 | IceCv    | Reached skill level 12 in Dodging
 16161 | IceCv    | Reached XP level 13. HP: 62/82 MP: 6/20
 16542 | IceCv    | Noticed a frost giant
 16611 | IceCv    | Killed from afar by a frost giant

Vault maps used:
D:1:      saegor_arrival_simple_c
D:2:      first_bread, hangedman_decor_diamond_cutter, item_on_display_a,
          uniq_crazy_yiuf_cottage, uniq_sigmund, uniq_terence
D:3:      ecumenical_altar_2
D:4:      uniq_edmund
D:5:      minmay_temple_entry_fiery, serial_shops, shop, dk_noncrumbling_4
D:6:      serial_shops, nicolae_shop_trees, fedhas_altar_3, uniq_blork_the_orc
D:7:      kennysheep_orc_sif_temple, kennysheep_mini, minmay_misc_feat_square,
          uniq_menkaure, uniq_joseph
D:8:      kennysheep_little_box, uniq_grum, uniq_gastronok
D:9:      david_orc_1_choice, serial_ice, serial_ice_a, serial_ice_i,
          serial_ice_o, serial_ice_n
D:10:     lair_0_dummy
Lair:1:   grunt_megastairs_1
Lair:2:   lemuel_oklob_altar, grunt_megastairs_2
Orc:1:    serial_shops, shop_statue
Orc:2:    grunt_orc_community_town_hall, grunt_orc_community_big_house_2,
          grunt_orc_community_big_house_2, grunt_orc_community_house_2,
          grunt_orc_community_house_1, grunt_orc_community_house_2,
          grunt_orc_community_house_3, portal_ice_cave_entry_pillars_02
IceCv:    ice_cave_caverns_03

Action                   |  1- 3 |  4- 6 |  7- 9 | 10-12 | 13-15 || total
-------------------------+-------+-------+-------+-------+-------++-------
Melee: Short sword       |    91 |   144 |   611 |       |       ||   846
       Dagger            |       |       |   137 |  1339 |    62 ||  1538
       Quick blade       |       |       |       |   413 |   157 ||   570
Invok: Berserk           |     1 |     3 |     7 |     7 |       ||    18
       Trog's Hand       |       |       |     3 |     9 |     2 ||    14
       Burn Spellbooks   |       |       |       |     1 |       ||     1
       Brothers in Arms  |       |       |       |     2 |       ||     2
  Use: Scroll            |     1 |       |     4 |    16 |       ||    21
       Potion            |       |       |     1 |       |       ||     1
 Stab: Sleeping          |     2 |       |       |       |       ||     2
  Eat: Chunk             |     8 |     7 |    26 |    39 |     1 ||    81
       Meat ration       |       |       |     1 |     1 |       ||     2
       Beef jerky        |       |       |     1 |       |       ||     1
